 Dungeon Crawl Stone Soup version 0.17-a0-1831-gaadb308 (webtiles) character file.

111 wik the Shield-Bearer (level 5, 0/41 HPs)
             Began as a Human Fighter on Sept 14, 2015.
             Was a Follower of Elyvilon.
             Succumbed to an adder's poison
             ... on level 4 of the Dungeon on Sept 15, 2015.
             The game lasted 00:33:08 (2986 turns).

wik the Shield-Bearer (Human Fighter)               Turns: 2986, Time: 00:33:08

Health: 0/41       AC:  9    Str: 17    XL:     5   Next: 15%
Magic:  14/14      EV:  5    Int:  8    God:    Elyvilon [*.....]
Gold:   88         SH:  9    Dex: 13    Spells: 0 memorised, 4 levels left

rFire  . . .     SeeInvis .     a - +0 long sword
rCold  . . .     Clarity  .     k - +0 chain mail
rNeg   . . .     SustAt   .     c - +0 shield
rPois  .         Gourm    .     (no helmet)
rElec  .         Spirit   .     (no cloak)
rCorr  .         Warding  .     (no gloves)
rMut   .         Stasis   .     (no boots)
MR     .....                    (no amulet)
Stlth  ..........               e - ring of magical power
                                (no ring)

@: lethally poisoned (0 -> -7), not resistant to hostile enchantments, extremely
unstealthy
A: no striking features
a: Lesser Healing, Divine Protection, Renounce Religion


You were on level 4 of the Dungeon.
You worshipped Elyvilon.
Elyvilon was aware of your devotion.
You were hungry.

You visited 1 branch of the dungeon, and saw 4 of its levels.

You collected 88 gold pieces.

Inventory:

Hand weapons
 a - a +0 long sword (weapon)
 d - a +0 dagger
 h - a +0 spear
Missiles
 j - 17 steel sling bullets (quivered)
Armour
 c - a +0 shield (worn)
 k - a +0 chain mail (worn)
Jewellery
 e - a ring of magical power (right hand)
Scrolls
 i - a scroll of immolation
 r - 4 scrolls of identify {unknown}
 t - a scroll of blinking {unknown}
 u - 3 scrolls of remove curse
Potions
 g - a potion of poison {unknown}
 l - a potion of lignification
 p - a potion of flight {unknown}
 q - 2 potions of brilliance {unknown}
Comestibles
 f - a beef jerky
 m - 5 chunks of flesh
 n - 2 fruits
 s - a bread ration


   Skills:
 + Level 3.2 Fighting
 + Level 2.2 Long Blades
 + Level 1.4 Polearms
 + Level 0.2 Throwing
 + Level 3.5 Armour
 + Level 1.3 Dodging
 + Level 4.0 Shields


You had 4 spell levels left.
You didn't know any spells.

Dungeon Overview and Level Annotations

Branches:
Dungeon (4/15)
 Temple: D:4-7

Altars:
Elyvilon
Fedhas

Annotations:
D:4 Sigmund


Message History

A giant gecko comes into view.
You feel sick.
Found a bread ration.
Found a stone staircase leading up and a stone staircase leading down.
There is a stone staircase leading up here.
You block the adder's attack.
You climb upwards.
You feel sick.
There is a stone staircase leading down, spattered with blood here.
You block the adder's attack. Sigmund hits you with a scythe.
* * * LOW HITPOINT WARNING * * *
The adder bites you.
* * * LOW HITPOINT WARNING * * *
You are more poisoned.
The adder poisons you!
You climb downwards.
* * * LOW HITPOINT WARNING * * *
You feel sick. You block the giant gecko's attack.
The giant gecko closely misses you.
There is a stone staircase leading up here.
You die...

## .#
###.##
#.#..
....#
####...#
#..#@..#
#..S####
.. ##


You could see Sigmund, an adder and a giant gecko.

Vanquished Creatures
  4 adders (D:2)
  3 oozes
  A worm (D:2)
  3 ball pythons
  5 bats
  4 giant cockroaches
  2 goblins
  8 hobgoblins
  4 jackals (D:3)
  10 kobolds
  A quokka (D:2)
  3 giant geckos
  7 giant newts
  3 rats
58 creatures vanquished.

Notes
Turn   | Place    | Note
--------------------------------------------------------------
     0 | D:1      | wik the Human Fighter began the quest for the Orb.
     0 | D:1      | Reached XP level 1. HP: 18/18 MP: 1/1
   387 | D:1      | Reached XP level 2. HP: 21/24 MP: 2/2
   840 | D:1      | Reached XP level 3. HP: 24/29 MP: 3/3
  1165 | D:1      | Reached skill level 1 in Dodging
  1384 | D:2      | Reached skill level 1 in Polearms
  1530 | D:2      | Reached XP level 4. HP: 35/35 MP: 4/4
  1898 | D:2      | Found a blossoming altar of Fedhas.
  2296 | D:2      | Reached XP level 5. HP: 35/41 MP: 5/5
  2309 | D:2      | Reached skill level 4 in Shields
  2855 | D:3      | Found a faded altar to an unknown god.
  2867 | D:3      | Became a worshipper of Elyvilon the Healer
  2867 | D:3      | Acquired Elyvilon's first power
  2927 | D:3      | Noticed Sigmund
  2984 | D:3      | HP: 2/41 [adder (2)]
  2986 | D:4      | Succumbed to an adder's poison

Vault maps used:
D:1:      dpeg_arrival_water_temple_mockup, minmay_misc_feat_x
D:2:      nicolae_overflow_crystal_walls
D:3:      zin_purify, ecumenical_altar_1, hangedman_abyss_or_decor_lesser_grid,
          uniq_sigmund
D:4:      elyvilon_altar_3, nicolae_overflow_hidden_temple, first_bread

Action                   |  1- 3 |  4- 6 || total
-------------------------+-------+-------++-------
Melee: Long sword        |    56 |   127 ||   183
       Spear             |   125 |       ||   125
  Use: Scroll            |     5 |       ||     5
       Potion            |     2 |       ||     2
  Eat: Bread ration      |     1 |       ||     1
       Pizza             |     1 |       ||     1
       Fruit             |       |     1 ||     1
